 Dungeon Crawl Stone Soup version 0.27.0-1-g7a089689b8 (webtiles) character file.

Game seed: 12753420709135208866

1219 ZenoRockbell the Slasher (level 8, -2/62 HPs)
             Began as a Demonspawn Monk on Aug 6, 2021.
             Was an Elder of Qazlal.
             Slain by a sky beast (6 damage)
             ... on level 6 of the Dungeon.
             The game lasted 00:30:39 (3882 turns).

ZenoRockbell the Slasher (Demonspawn Monk)          Turns: 3882, Time: 00:30:40

Health: -2/62      AC: 19    Str: 12    XL:     8   Next: 23%
Magic:  2/2        EV:  4    Int: 12    God:    Qazlal [****..]
Gold:   828        SH:  9    Dex: 17    Spells: 7/7 levels left

rFire    . . .     SeeInvis .   n - +1 long sword (antimagic)
rCold    . . .     Faith    .   (no shield)
rNeg     . . .     Spirit   .   l - +0 plate armour
rPois    +         Reflect  .   (helmet restricted)
rElec    .         Harm     .   (no cloak)
rCorr    .         Rampage  .   (no gloves)
Will     .....                  (no boots)
Stlth    ..........             (no amulet)
HPRegen  0.20/turn              c - ring of flight
MPRegen  0.08/turn              (no ring)

@: sanguine armoured, flying, repel missiles
A: antennae 1, demonic guardian 1, ignite blood 1, sanguine armour 2, large bone
plates 1, poison resistance
a: Renounce Religion, Upheaval, Elemental Force


You were on level 6 of the Dungeon.
You worshipped Qazlal.
Qazlal was greatly pleased with you.
You visited 2 branches of the dungeon, and saw 7 of its levels.

You collected 828 gold pieces.

Inventory:

Hand Weapons
 a - a +0 falchion of flaming
 d - a +1 rapier of speed
 f - a +1 dagger of speed
 n - a +1 antimagic long sword (weapon)
Armour
 b - a +0 robe
 g - a +1 chain mail
 i - the +1 ring mail of Tartarus {rPois Int+5}
   (You found it on level 5 of the Dungeon)

   Int:       It affects your intelligence (+5).
   rPois:     It protects you from poison.
 l - a +0 plate armour (worn)
Jewellery
 c - a ring of flight (left hand)
Wands
 e - a wand of iceblast (3)
Potions
 j - 2 potions of brilliance
 k - 3 potions of degeneration


   Skills:
 * Level 5.1 Fighting
 * Level 6.6 Long Blades
 + Level 1.9 Armour
 * Level 4.7 Dodging
 - Level 1.7 Stealth
 + Level 2.7 Shields
 + Level 0.5 Evocations


You had 7 spell levels left.
You didn't know any spells.
Your spell library contained the following spells:

 Spells                   Type           Power      Damage    Failure   Level
 Apportation              Tloc           0%         N/A       100%        1
 Beastly Appendage        Tmut           0%         N/A       100%        1
 Magic Dart               Conj           0%         1d3       100%        1
 Call Imp                 Summ           0%         N/A       100%        2
 Slow                     Hex            0%         N/A       100%        2
 Static Discharge         Conj/Air       0%         N/A       100%        2
 Wereblood                Tmut           0%         N/A       100%        2
 Confusing Touch          Hex            0%         N/A       100%        3
 Conjure Flame            Conj/Fire      0%         6-21      100%        3
 Ignite Poison            Fire/Tmut/Pois 0%         N/A       100%        3
 Mephitic Cloud           Conj/Pois/Air  0%         N/A       100%        3
 Spider Form              Tmut/Pois      0%         N/A       100%        3
 Vampiric Draining        Necr           0%         2d6       100%        3
 Dispel Undead            Necr           0%         3d6       100%        4
 Sticky Flame             Conj/Fire      0%         2d3       100%        4
 Alistair's Intoxication  Tmut/Pois      0%         N/A       100%        5
 Yara's Violent Unravell  Hex/Tmut       0%         3d3       100%        5
 Invisibility             Hex            0%         N/A       100%        6


Dungeon Overview and Level Annotations

Branches:
Dungeon (6/15)             Temple (1/1) D:5

Altars:
Ashenzari
Dithmenos
Elyvilon
Fedhas
Gozag
Hepliaklqana
Makhleb
Nemelex Xobeh
Okawaru
Qazlal
Ru
Sif Muna
Trog
Uskayaw
Xom
Yredelemnul
Zin

Annotations:
D:3 Sigmund


Innate Abilities, Weirdness & Mutations

You have a pair of small antennae on your head.
A weak demonic guardian rushes to your aid.
Your demonic aura sometimes causes spilled blood to erupt in flames.
When seriously injured, your bleeding wounds create thick armour. (AC +9)
You are partially covered in large bone plates. (SH +4)
Your system is resistant to poisons. (rPois)


Message History

A kobold comes into view. It is wielding a +0 whip.
You block the orc priest's attack.
The kobold brigand hits you but does no damage.
The orc hits you but does no damage.
Something hits the kobold brigand.
Something shocks the kobold brigand.
Unknown command.
Unknown command.
As you read the scroll of torment, it crumbles to dust.
Your body is wracked with pain!
* * * LOW HITPOINT WARNING * * *
A demonic guardian appears!
The orc convulses!
The orc priest convulses!
The orc convulses!
Something is bathed in an unholy light!
The scorpion convulses!
The kobold brigand convulses!
The orc convulses!
The adder convulses!
The orc wizard convulses!
The orc convulses!
The orc wizard convulses!
You hear a shout! x2
The scorpion completely misses you. You block the orc's attack.
The orc wizard hits your ufetubus with a +0 dagger.
The orc priest hits you but does no damage.
The orc priest hits your ufetubus with a +0 hand axe.
The kobold brigand hits you but does no damage.
The orc hits your ufetubus with a +0 club.
Your ufetubus dies!
The orc hits you but does no damage.
Something closely misses the orc priest.
A kobold comes into view.
It is wielding a +2 vampiric whip and quivering poisoned darts.
You closely miss the scorpion.
The scorpion is heavily wounded.
You hear a shout!
The scorpion stings you but does no damage.
The orc is engulfed in blazing flames.
You kill the orc!
Qazlal accepts your kill.
The orc priest looks satisfied for a moment.
The kobold brigand hits you with a +1 dagger of venom.
* * * LOW HITPOINT WARNING * * *
You block the orc's attack. Something hits you.
* * * LOW HITPOINT WARNING * * *
Something shocks you.
You die...

####..... #..... ..###
#........ #..... ....
+........
.....###..####........
........... +........
#.......# #........
#°._8§..# #####'#..
#.o{KK..########.#..
#oo@oK...........#..
#S☼#s#K.##########..
#o°#<#.>... #..
#o.###s##### .. ...
... .. #..# #..# ...
#.## .... #.


You could see a kobold brigand, a scorpion, an orc priest, 2 orc wizards, an
adder, 3 orcs and 3 kobolds.

Vanquished Creatures
  Duvessa (D:5)
  2 orc warriors (D:6)
  An ice beast (D:4)
  An ogre (D:5)
  A phantom (D:5)
  2 scorpions
  A howler monkey (D:4)
  A bullfrog zombie (D:6)
  5 hounds
  Jessica (D:2)
  An orc wizard (D:6)
  An iguana (D:5)
  A hound skeleton (D:4)
  A howler monkey zombie (D:5)
  5 adders
  An ufetubus (D:6)
  2 dart slugs
  13 orcs
  3 bats
  3 endoplasms
  3 giant cockroaches
  5 goblins
  9 hobgoblins
  10 jackals
  4 quokkas
  5 ball pythons
  2 frilled lizards
  12 kobolds
  6 rats
103 creatures vanquished.

Vanquished Creatures (collateral kills)
  Dowan (D:5)
  A howler monkey (D:4)
  A hound skeleton (D:4)
  An adder (D:2)
  A gnoll (D:4)
  A dart slug (D:5)
  4 jackals (D:4)
  A quokka (D:2)
  A rat (D:1)
12 creatures vanquished.

Vanquished Creatures (others)
  A fungus (D:4)
  A plant (D:4)
2 creatures vanquished.

Grand Total: 117 creatures vanquished

Notes
Turn   | Place    | Note
-------+----------+-------------------------------------------
     0 | D:1      | ZenoRockbell the Demonspawn Monk began the quest for the
                  | Orb.
     0 | D:1      | Reached XP level 1. HP: 18/18 MP: 1/1
   326 | D:1      | Gained mutation: A weak demonic guardian rushes to your
                  | aid. [demonic ancestry]
   326 | D:1      | Reached XP level 2. HP: 19/24 MP: 2/2
   365 | D:1      | Reached skill level 3 in Long Blades
   383 | D:1      | Gained mutation: Your system is resistant to poisons.
                  | (rPois) [potion of mutation]
   383 | D:1      | Gained mutation: You are partially covered in large bone
                  | plates. (SH +4) [potion of mutation]
   431 | D:1      | HP: 1/24 [rat (2)]
  1001 | D:2      | Found a stormy altar of Qazlal.
  1047 | D:2      | Became a worshipper of Qazlal Stormbringer
  1047 | D:2      | Reached * piety under Qazlal
  1047 | D:2      | Reached ** piety under Qazlal
  1081 | D:2      | Gained mutation: Your demonic aura sometimes causes spilled
                  | blood to erupt in flames. [demonic ancestry]
  1081 | D:2      | Reached XP level 3. HP: 4/29 MP: 3/3
  1461 | D:2      | Noticed Jessica
  1484 | D:2      | Killed Jessica
  1485 | D:2      | Gained mutation: When seriously injured, your bleeding
                  | wounds create armour. (AC +9) [demonic ancestry]
  1485 | D:2      | Reached XP level 4. HP: 17/35 MP: 4/4
  1530 | D:2      | Found a faded altar of an unknown god.
  2015 | D:3      | Noticed Sigmund
  2288 | D:3      | Found a hazy altar of Hepliaklqana.
  2289 | D:3      | Found a shadowy altar of Dithmenos.
  2289 | D:3      | Noticed a shadow
  2405 | D:4      | Noticed a scorpion
  2411 | D:4      | Killed a scorpion
  2412 | D:4      | Reached skill level 4 in Long Blades
  2412 | D:4      | Gained mutation: When seriously injured, your bleeding
                  | wounds create thick armour. (AC +9) [demonic ancestry]
  2412 | D:4      | Reached XP level 5. HP: 32/42 MP: 5/5
  2686 | D:4      | Reached *** piety under Qazlal
  2713 | D:4      | Reached skill level 1 in Shields
  2714 | D:4      | Reached XP level 6. HP: 20/48 MP: 6/6
  2983 | D:4      | Noticed an ice beast
  2991 | D:4      | Reached skill level 5 in Long Blades
  2991 | D:4      | Reached skill level 1 in Armour
  3009 | D:4      | Killed an ice beast
  3040 | D:5      | Entered Level 5 of the Dungeon
  3050 | D:5      | Noticed Duvessa
  3051 | D:5      | Noticed Dowan
  3055 | D:5      | Gained mutation: You have a pair of small antennae on your
                  | head. [demonic ancestry]
  3055 | D:5      | Reached XP level 7. HP: 54/54 MP: 7/7
  3058 | D:5      | Killed Duvessa
  3060 | D:5      | Killed Dowan
  3096 | D:5      | Identified the +1 ring mail of Tartarus {rPois Int+5}
  3390 | D:5      | Reached skill level 6 in Long Blades
  3404 | D:5      | Reached **** piety under Qazlal
  3426 | D:5      | Identified a scroll of acquirement
  3427 | D:5      | Acquired 641 gold pieces
  3456 | D:5      | Found a staircase to the Ecumenical Temple.
  3465 | Temple   | Entered the Ecumenical Temple
  3699 | D:6      | Reached XP level 8. HP: 36/61 MP: 8/8
  3795 | D:6      | Reached skill level 5 in Fighting
  3865 | D:6      | Found a sacrificial altar of Ru.
  3865 | D:6      | Found a blossoming altar of Fedhas.
  3882 | D:6      | Slain by a sky beast

Illustrated notes

Levels and vault maps discovered:
D:1:      ebering_trefoil_twist, layout_basic, serial_bayou_lagoon_a,
          minmay_tripent
D:2:      layout_basic, hellmonk_ecumenical_altar_run_dry, basic_altar,
          minmay_heptomino_w4, uniq_jessica
D:3:      layout_loops_ring, riverfiend_overflow_shadow_ancestor,
          nicolae_overflow_hidden_temple, grunt_ministairs_4, uniq_sigmund
D:4:      lemuel_castle_with_subvaults [lemuel_castle_interior_carwin_3],
          layout_rooms, st_stairs_12, minmay_increasing_density
D:5:      layout_cave_pools, temple_green, minmay_misc_feat_pillars,
          uniq_duvessa
D:6:      layout_basic, lemuel_mausoleum_altar_kikubaaqudgha,
          chequers_temple_overflow_statue_of_worship, minmay_misc_feat_five
Temple:   minmay_temple_bridge_abc

Skill      XL: |  1  2  3  4  5  6  7  8 |
---------------+-------------------------+-----
Long Blades    | 3 4 5 6 |  6.6
Dodging        | 3 4 |  4.7
Shields        | 1 2 |  2.7
Fighting       | 4 5 |  5.1
Armour         | 1 |  1.9
Stealth        | |  1.7
Evocations     | |  0.5

Action                   |  1- 3 |  4- 6 |  7- 9 || total
-------------------------+-------+-------+-------++-------
Melee: Falchion          |   113 |   198 |    76 ||   387
       Long sword        |       |       |     8 ||     8
Evoke: Wand              |       |     2 |     4 ||     6
  Use: Scroll            |     2 |    10 |     6 ||    18
       Potion            |     4 |     2 |     3 ||     9
 Stab: Sleeping          |     3 |       |       ||     3
Armor: Robe              |    28 |    11 |       ||    39
       Chain mail        |       |   114 |    24 ||   138
       Plate armour      |       |       |    37 ||    37
Dodge: Dodged            |    91 |    82 |    17 ||   190
Block: Other             |    29 |   103 |    40 ||   172
       Rpst.: Falchion   |    27 |    26 |     3 ||    56
       Long sword        |       |       |     1 ||     1
